 Dungeon Crawl Stone Soup version 0.31-a0-700-gf13585253f (webtiles) character file.

Game seed: 778952868473329604

807 bmack86 the Cleaver (level 7, 0/57 HPs)
             Began as a Minotaur Fighter on Sept 7, 2023.
             Slain by an orc
             ... wielding a +0 mace
              (4 damage)
             ... on level 4 of the Dungeon.
             The game lasted 00:08:05 (3369 turns).

bmack86 the Cleaver (Minotaur Fighter)              Turns: 3369, Time: 00:08:07

Health: 0/57       AC:  8    Str: 23    XL:     7   Next: 60%
Magic:  6/6        EV:  9    Int:  5    God:
Gold:   151        SH:  4    Dex:  9    Spells: 6/6 levels left

rFire   . . .        a - +0 war axe
rCold   . . .        c - +0 buckler
rNeg    . . .        b - +0 scale mail
rPois   .            (helmet restricted)
rElec   .            (no cloak)
rCorr   .            (no gloves)
SInv    .            h - +0 pair of boots
Will    .....        (no amulet) Stlth
                     (no ring)
HPRegen 0.29/turn    (no ring)
MPRegen 0.10/turn

%: no passive effects
@: no status effects
A: horns 2, retaliatory headbutt
a: no special abilities


You were on level 4 of the Dungeon.
You visited 1 branch of the dungeon, and saw 4 of its levels.

You collected 151 gold pieces.

Inventory:

Hand Weapons
 a - a +0 war axe (weapon)
Armour
 b - a +0 scale mail (worn)
 c - a +0 buckler (worn)
 h - a +0 pair of boots (worn)
Wands
 j - a wand of light (11) (quivered)
 m - a wand of iceblast (4)
 o - a wand of charming (10)
Scrolls
 f - a scroll of fog
 n - a scroll of teleportation {unknown}
 q - a scroll of enchant armour {unknown}
 r - a scroll of noise {unknown}
Potions
 d - 3 potions of might
 e - a potion of cancellation
 g - a potion of mutation {unknown}
 i - 2 potions of curing
 k - 2 potions of heal wounds
 l - a potion of magic {unknown}
 p - a potion of brilliance {unknown}
 s - a potion of attraction {unknown}


   Skills:
 - Level 3.6 Fighting
 + Level 10.0 Axes
 - Level 3.6 Armour
 - Level 5.0 Shields


You had 6 spell levels left.
You didn't know any spells.
Your spell library contained the following spells:

 Spells                   Type           Power      Damage    Failure   Level
 Static Discharge         Conj/Air       0%         2-2/arc   94%         2
 Call Canine Familiar     Summ           0%         N/A       99%         3
 Dazzling Flash           Conj/Hex       0%         N/A       99%         3
 Sigil of Binding         Hex            0%         N/A       99%         3
 Volatile Blastmotes      Fire/Tloc      0%         2d10      99%         3
 Airstrike                Air            0%         2d(0-16)  100%        4
 Dimensional Bullseye     Hex/Tloc       0%         N/A       100%        4
 Leda's Liquefaction      Hex/Erth       0%         N/A       100%        4
 Summon Lightning Spire   Summ/Air       0%         N/A       100%        4
 Starburst                Conj/Fire      0%         6d3       100%        6
 Maxwell's Capacitive Co  Air            0%         ∞         100%        8


Dungeon Overview and Level Annotations

Branches:
Dungeon (4/15)
 Temple: D:4-7

Altars:
Dithmenos


Innate Abilities, Weirdness & Mutations

You have a pair of horns on your head.
You reflexively headbutt those who attack you in melee.


Message History

You barely miss the orc.
The orc is lightly wounded.
The orc completely misses you. You furiously retaliate!
You headbutt the orc.
The orc priest invokes the aid of Beogh against you.
Beogh smites you!
An orc comes into view. It is wielding a +0 mace.
You hit the orc.
You kill the orc!
You closely miss something. You block something's attack.
Things that are here:
a +0 club; a +0 ring mail You hit the orc priest but do no damage.
You closely miss something.
You hear some strange, mumbled words.
A puff of flame appears from out of thin air!
The puff of flame hits you!
The orc priest mumbles some strange prayers to Beogh against you.
Pain shoots through your body!
* * * LOW HITPOINT WARNING * * *
You barely miss something. You closely miss the orc priest.
Something hits you but does no damage.
The orc priest hits you with a +0 quarterstaff.
* * * LOW HITPOINT WARNING * * *
You hit something. Your headbutt misses something.
You hit the orc priest but do no damage.
Something hits you.
* * * LOW HITPOINT WARNING * * *
The orc priest hits you but does no damage.
Unknown command.
You barely miss the orc priest. You miss something.
You hear some strange, mumbled words.
Something tries to affect you, but you resist.
You block the orc priest's attack.
You barely miss something.
You hit the orc priest but do no damage.
You hit the orc. Something hits you.
* * * LOW HITPOINT WARNING * * *
The orc priest casts a cantrip, but nothing happens.
The orc hits you with a +0 mace.
You die...

***,,,** ##...........# #####
,,,,,,,** ##..........## ##
,,<,,,,,** ##..........########.
,,,,,,,,,* ##...........#...#...
,,,,,,,,,**##....................
,,,,,,,,,,##....(................
,,,,,,,,,,#......................
,,,,,>,**##.....{............####
,********#.....o@............# #
** **...#..o.............# #
**,..###....÷).........# ##
****,,............#......## #.
****,,,,,......#.....#......# #.
,,,,,,,,,.......#..)###.....# #.
******,,,.......#..## #....## #.
* *,,,..........# ##...# #.
*,,,.........## ##.## ##.


You could see an orc priest and an orc.

Vanquished Creatures
  Grinder (D:3)
  Sigmund (D:2)
  A centaur (D:4)
  A scorpion (D:4)
  A hound (D:4)
  Terence (D:3)
  An iguana (D:2)
  Ijyb (D:3)
  Natasha (thrice) (D:2)
  3 adders
  2 worms
  5 dart slugs
  2 orcs
  9 endoplasms
  5 giant cockroaches
  6 goblins
  8 hobgoblins
  4 jackals (D:4)
  11 kobolds
  5 quokkas
  7 ball pythons
  7 bats
  6 frilled lizards
  9 rats
100 creatures vanquished.

Notes
Turn   | Place    | Note
-------+----------+-------------------------------------------
     0 | D:1      | bmack86 the Minotaur Fighter began the quest for the Orb.
     0 | D:1      | Reached XP level 1. HP: 19/19 MP: 0/0
    89 | D:1      | Reached XP level 2. HP: 25/26 MP: 1/1
   337 | D:1      | Reached skill level 3 in Axes
   671 | D:2      | Reached XP level 3. HP: 31/31 MP: 2/2
   764 | D:2      | Reached skill level 5 in Shields
   876 | D:2      | Reached skill level 4 in Axes
   902 | D:2      | Noticed Natasha
   904 | D:2      | Killed Natasha
   905 | D:2      | Reached XP level 4. HP: 39/39 MP: 3/3
   936 | D:2      | You fall into a shaft and drop 1 floor!
  1015 | D:2      | Noticed Sigmund
  1021 | D:2      | Killed Sigmund
  1022 | D:2      | Reached skill level 6 in Axes
  1022 | D:2      | Reached XP level 5. HP: 39/45 MP: 4/4
  1089 | D:2      | Reached XP level 6. HP: 51/51 MP: 5/5
  1405 | D:2      | Noticed Natasha
  1415 | D:2      | Killed Natasha
  1416 | D:2      | Reached skill level 7 in Axes
  1643 | D:2      | Noticed Natasha
  1652 | D:2      | Killed Natasha
  1983 | D:3      | Noticed Terence
  1988 | D:3      | Killed Terence
  2037 | D:3      | Noticed Ijyb
  2039 | D:3      | Killed Ijyb
  2196 | D:3      | Noticed Grinder
  2203 | D:3      | Killed Grinder
  2204 | D:3      | Reached skill level 9 in Axes
  2204 | D:3      | Reached XP level 7. HP: 44/57 MP: 6/6
  3075 | D:4      | Reached skill level 10 in Axes
  3093 | D:4      | Found a shadowy altar of Dithmenos.
  3369 | D:4      | Slain by an orc

Illustrated notes

Levels and vault maps discovered:
D:1:      minmay_arrival_four_houses, layout_basic
D:2:      layout_basic, uniq_natasha, uniq_sigmund
D:3:      layout_loops_corners, minmay_diced_spiral, uniq_ijyb, uniq_grinder,
          uniq_terence
D:4:      layout_cave_pods, mainiacjoe_overflow_six_doors_small

Skill      XL: |  1  2  3  4  5  6  7 |
---------------+----------------------+-----
Shields        | 4 5 |  5.0
Axes           | 3 4 6 9 10 | 10.0
Fighting       | |  3.6
Armour         | |  3.6

Action                     |  1- 3 |  4- 6 |  7- 9 || total
---------------------------+-------+-------+-------++-------
  Melee: War axe           |    59 |    75 |    56 ||   190
         Headbutt          |     5 |     7 |     5 ||    17
  Evoke: Wand              |       |     4 |     1 ||     5
    Use: Scroll            |       |       |     5 ||     5
 Armour: Scale mail        |    36 |    45 |    44 ||   125
  Dodge: Dodged            |    41 |    32 |    24 ||    97
  Block: Buckler           |    14 |    17 |    13 ||    44

Table legend: (Time is in decaauts)
 A = Elapsed time spent in this place.
 B = Non-inter-level travel time spent in this place.
 C = Inter-level travel time spent in this place.
 D = Time resting spent in this place.
 E = Time spent auto-exploring this place.
 F = Levels seen in this place.
 G = Mean time per level.
                   A        B        C        D        E       F      G
               +--------+--------+--------+--------+--------+-----+--------+
         Total |   3413 |   3158 |    255 |      0 |   2278 |   4 |  853.2 |
       Dungeon |   3413 |   3158 |    255 |      0 |   2278 |   4 |  853.2 |
               +--------+--------+--------+--------+--------+-----+--------+

Top non-repeatable levels by time:
     D:2: 1008 daAuts
     D:3: 957 daAuts
     D:4: 772 daAuts
     D:1: 674 daAuts
